 Dungeon Crawl Stone Soup version 0.19-a0-994-g3c636f0 (webtiles) character file.

142 mistymad the Skirmisher (level 5, -10/43 HPs)
             Began as a Formicid Abyssal Knight on July 18, 2016.
             Was a Believer of Lugonu.
             Mangled by an iguana (12 damage)
             ... on level 3 of the Dungeon.
             The game lasted 00:05:43 (3401 turns).

mistymad the Skirmisher (Formicid Abyssal Knight)   Turns: 3401, Time: 00:05:44

Health: -10/43     AC:  6    Str: 18    XL:     5   Next: 49%
Magic:  6/6        EV: 12    Int: 11    God:    Lugonu [**....]
Gold:   104        SH:  0    Dex: 10    Spells: 0 memorised, 4 levels left

rFire  + . .     SeeInvis +     a - +1 hand axe
rCold  . . .     Gourm    .     b - +0 leather armour
rNeg   . . .     Faith    .     (no shield)
rPois  .         Spirit   .     (helmet unavailable)
rElec  .         Dismiss  .     (no cloak)
rCorr  +         Reflect  .     (no gloves)
SustAt .         Harm     .     f - +2 pair of boots
MR     .....                    (no amulet)
Stlth  +.........               m - ring of protection from fire
                                e - ring of resist corrosion

@: not resistant to hostile enchantments, very unstealthy
A: permanent stasis, dig shafts and tunnels, four strong arms, antennae 3
a: Dig, Shaft Self, Depart the Abyss, Bend Space, Renounce Religion


You were on level 3 of the Dungeon.
You worshipped Lugonu.
Lugonu was pleased with you.
You were not hungry.

You visited 1 branch of the dungeon, and saw 4 of its levels.
You visited the Abyss 1 time.

You collected 104 gold pieces.

Inventory:

Hand Weapons
 a - a +1 hand axe (weapon)
Armour
 b - a +0 leather armour (worn)
 f - a +2 pair of boots (worn)
 i - a +0 scale mail
Jewellery
 e - a ring of resist corrosion (left hand)
 m - a ring of protection from fire (right hand)
Scrolls
 d - 3 scrolls of identify {unknown}
 j - 2 scrolls of fog {unknown}
 l - a scroll of teleportation {unknown}
 n - a scroll of remove curse {unknown}
 p - a scroll of recharging {unknown}
Potions
 k - a potion of curing {unknown}
 o - 2 potions of heal wounds {unknown}
 q - a potion of magic {unknown}
 r - a potion of invisibility {unknown}
 s - a potion of ambrosia {unknown}
Comestibles
 c - 2 bread rations
 g - a beef jerky
 h - a slice of pizza


   Skills:
 + Level 4.3 Fighting
 + Level 3.2 Axes
 + Level 3.5 Armour
 + Level 1.8 Dodging
 - Level 2.1 Invocations


You had 4 spell levels left.
You didn't know any spells.

Dungeon Overview and Level Annotations

Branches:
Dungeon (4/15)
 Temple: D:4-7

Altars:

Annotations:
D:4 Grinder


Innate Abilities, Weirdness & Mutations

You are under a permanent stasis effect.
You can dig through walls and to a lower floor.
Your four strong arms can wield two-handed weapons with a shield.
You have a pair of large antennae on your head. (SInv)


Message History

The iguana is moderately wounded.
The iguana bites you.
You take 2 damage, and have 17/43 hp.
You barely miss the iguana.
The iguana is moderately wounded.
The iguana misses you.
You hit the iguana.
The iguana is moderately wounded.
The iguana misses you. The iguana bites you!
* * * LOW HITPOINT WARNING * * *
You take 6 damage, and have 11/43 hp.
You hit the iguana but do no damage.
The iguana is moderately wounded.
The iguana bites you!
* * * LOW HITPOINT WARNING * * *
You take 9 damage, and have 2/43 hp.
MASSIVE DAMAGE!!
You closely miss the iguana.
The iguana is moderately wounded.
The iguana bites you!
You die...

.#.##.#.# #####
......#.### ##...#
..........#########....#
.......................#
..........#########....#
............### ##.####
......###.....# #..#
......#####.#.####.##
...............l@[..#
...................##
.......####.......##
..8....######...#..#
.........# ##.#....#
.......#.###..####.#
.###...#..##.## ###
...[...##....#
........#..#####


You could see an iguana.

Vanquished Creatures
  A worker ant (D:3)
  A howler monkey zombie (D:3)
  An adder (D:4)
  2 oozes
  2 adder skeletons (D:3)
  2 worms
  3 dart slugs
  A giant gecko (D:2)
  7 orcs
  6 bats
  3 giant cockroaches (D:1)
  2 goblins (D:2)
  7 hobgoblins
  4 jackals (D:1)
  9 kobolds
  A quokka (D:3)
  2 ball pythons (D:2)
  3 giant newts
  A jackal skeleton (D:3)
  A quokka skeleton (D:4)
  A quokka zombie (D:3)
  5 rats
65 creatures vanquished.

Notes
Turn   | Place    | Note
-------+----------+-------------------------------------------
     0 | Abyss:1  | mistymad the Formicid Abyssal Knight began the quest for the Orb.
     0 | Abyss:1  | Reached XP level 1. HP: 18/18 MP: 2/2
    46 | D:1      | Escaped the Abyss
   139 | D:1      | Reached skill level 1 in Dodging
   152 | D:1      | Reached XP level 2. HP: 17/24 MP: 3/3
   491 | D:1      | Reached XP level 3. HP: 25/29 MP: 4/4
  1091 | D:2      | Reached ** piety under Lugonu
  1316 | D:2      | Reached XP level 4. HP: 11/36 MP: 5/5
  2736 | D:4      | Noticed an ogre
  2738 | D:4      | Noticed Grinder
  2750 | D:3      | Reached XP level 5. HP: 39/42 MP: 6/6
  2790 | D:4      | Reached skill level 4 in Fighting
  3400 | D:3      | HP: 2/43 [iguana (9)]
  3401 | D:3      | Mangled by an iguana

Vault maps used:
D:1:      minmay_arrival_stair_chambers
D:3:      first_bread, serial_undead, serial_undead_c, serial_undead_f,
          serial_undead_f, serial_undead_d, serial_undead_d
D:4:      lemuel_upstairs_altar, serial_shops, kennysheep_little_box,
          uniq_grinder

Skill      XL: |  1  2  3  4  5 |
---------------+----------------+-----
Dodging        | 1 |  1.8
Armour         | 3 |  3.5
Axes           | 3 |  3.2
Fighting       | 4 |  4.3
Invocations    | |  2.1

Action                   |  1- 3 |  4- 6 || total
-------------------------+-------+-------++-------
Melee: Hand axe          |   135 |   142 ||   277
  Eat: Chunk             |     1 |     7 ||     8
Armor: Leather armour    |    47 |    46 ||    93
Dodge: Dodged            |    93 |    81 ||   174
